[Event "1st Kallai Gabor Memorial 2022"]
[Site "Budapest"]
[Date "2022.11.28"]
[Round "1.1"]
[White "Bjerre, Jonas Buhl"]
[Black "Motylev, Alexander"]
[Result "1/2-1/2"]
[ECO "A06"]
[WhiteElo "2622"]
[BlackElo "2628"]
[Annotator "TA"]
[PlyCount "125"]
[EventDate "2022.11.28"]
[EventCountry "HUN"]
[SourceTitle "playchess.com"]
[Source "ChessBase"]
[SourceQuality "1"]
[TimeControl "1500+5"]

1. Nf3 d5 2. g3 g6 3. Bg2 Bg7 4. O-O e5 5. d3 Ne7 6. e4 O-O 7. b4 {[%emt 0:00:40] A07: Réti Opening: New York and Capablanca Systems.} a6 {[#]} 8. Qe2 $146 ({Predecessor:} 8. a4 Nbc6 9. c3 d4 10. Bb2 dxc3 11. Bxc3 Bg4 12. h3 Bxf3 13. Bxf3 Qd7 14. h4 Rad8 {½-½ (53) Gritsenko,V-Sotnikov,I (2445) Voronezh 1997}) 8... Nbc6 9. c3 h6 (9... d4 $15) 10. Nbd2 Be6 11. Bb2 Re8 12. a4 dxe4 (12... d4 $11) 13. dxe4 $14 Nc8 14. b5 Na5 15. c4 $36 {[%emt 0:00:17][%mdl 2048] White is more active.} Nb6 16. Rfd1 (16. Nxe5 Bxe5 17. Bxe5 Nbxc4 $11) (16. Rfc1 $1 $14) 16... Naxc4 (16... Nd7 $11) 17. Nxc4 $16 {[%emt 0:01:00][%mdl 64] Discovered Attack} Bxc4 18. Qc2 Qf6 19. a5 Qe6 20. Nd2 (20. axb6 Bb3 21. Qxc7 Bxd1) ({White should try} 20. bxa6 $1 $18 Bb3 21. Qxc7 Bxd1 22. axb7 Bxf3 23. Bxf3 (23. bxa8=B Nxa8 24. Qb7 Be2 $17)) 20... Be2 21. Re1 (21. axb6 Bxd1 22. Rxd1 (22. Qxd1 Qxb6 23. Nc4 Qc5 $15) 22... cxb6 $14) 21... Bxb5 22. axb6 cxb6 23. Bf1 Rac8 24. Qb1 {[%emt 0:00:40] Black must now prevent Bxb5.} Red8 (24... Bxf1 $16 25. Nxf1 (25. Rxf1 Red8 $14) 25... b5) 25. Rd1 ({Only move:} 25. Bxb5 $1 $18 {Threatens to win with Bd3.} Rxd2 26. Bc1) 25... Bc6 26. Nc4 (26. Bc3 $14) 26... Rxd1 $11 27. Qxd1 Bxe4 28. Qd6 Bd5 ({Don't take} 28... b5 29. Qxe6 fxe6 30. Nd6 $18 (30. Nxe5 Rc2 $14)) 29. Qxe6 $1 Bxe6 30. Ne3 e4 31. Bxg7 Kxg7 32. Bg2 f5 33. f3 $1 exf3 34. Bxf3 Rc7 35. Rd1 $1 Rd7 {[%emt 0:01:14] Inhibits Rd6.} 36. Rxd7+ Bxd7 37. Bxb7 a5 38. Nc4 a4 39. Nxb6 a3 {[%emt 0:00:01][%mdl 64] ( -> ...a2)} 40. Bd5 {[%emt 0:00:02] Against a2} (40. Nxd7 $2 {perishes.} a2 41. Bg2 a1=Q+ $19) 40... Be8 {[%emt 0:00:01] Hoping for ...Bf7.} 41. Ba2 Bf7 42. Nd5 g5 43. Kf2 Bxd5 44. Bxd5 {[%mdl 4096] Endgame KB-KP} Kf6 45. Ke3 Ke5 46. Ba2 h5 47. Bb3 f4+ $2 {[%emt 0:00:19][%mdl 8192] [#]} (47... h4 $11 {and Black has nothing to worry.}) 48. gxf4+ $1 $18 gxf4+ {[%emt 0:00:01] KB-K3P} 49. Kf3 Kf5 {[%emt 0:00:03] [#]} 50. h4 Ke5 51. Bg8 Kf5 52. Ba2 Ke5 53. Bb1 Kf6 54. Kxf4 {[%emt 0:00:02] KB-KPP} ({Stronger than} 54. Ke4 Kg7 $11) 54... Kg7 55. Ba2 Kh7 56. Kg5 Kg7 57. Kxh5 {[%emt 0:00:02] KB-KP} Kh7 58. Kg5 Kg7 59. h5 $2 ({Better is} 59. Kf5 $18 {Kg4 is the strong threat.} Kh8 60. h5) 59... Kh7 {[%emt 0:00:01] The position is equal.} 60. Bb1+ Kg7 $1 61. h6+ Kh8 62. Kg6 a2 63. Bxa2 {[%emt 0:00:02] Weighted Error Value: White=0.21 (precise) /Black=0.22 (precise)} 1/2-1/2

[Event "1st Kallai Gabor Memorial 2022"]
[Site "Budapest"]
[Date "2022.11.28"]
[Round "1.2"]
[White "Ruck, Robert"]
[Black "Kozak, Adam"]
[Result "0-1"]
[ECO "A04"]
[WhiteElo "2537"]
[BlackElo "2538"]
[Annotator "TA"]
[PlyCount "90"]
[EventDate "2022.11.28"]
[EventCountry "HUN"]
[SourceTitle "playchess.com"]
[Source "ChessBase"]
[SourceQuality "1"]
[TimeControl "1500+5"]

1. Nf3 c5 2. c4 Nc6 3. Nc3 g6 4. e3 Bg7 5. d4 d6 6. Be2 Nf6 7. d5 Na5 8. e4 {[%emt 0:00:05] A35: Symmetrical English: 2 Nc3 Nc6 3 Nf3.} O-O 9. O-O e5 10. Bg5 {White is better.} h6 11. Bd2 {[%emt 0:02:27] [#]} Bd7 $5 $146 {[%emt 0:00:53][%mdl 8] New and interesting.} ({Predecessor:} 11... Nh7 12. g3 Bh3 13. Re1 b6 14. Nh4 Bd7 15. Rf1 a6 16. b3 Rb8 17. Qc2 Ng5 {1-0 (77) Erdos,V (2615)-Ivanisevic,I (2599) Abu Dhabi 2021}) 12. Ne1 a6 13. Nc2 {[%emt 0:00:14] Inhibits b5.} (13. Rb1 $16) 13... b5 $1 $11 14. cxb5 axb5 {[%emt 0:00:01] aiming for ...b4.} 15. b4 $1 cxb4 16. Nxb4 Rc8 17. Bxb5 {[%emt 0:04:22] [#]} ({Better is} 17. Be1 $14) 17... Nxe4 $1 18. Bxd7 Nxc3 19. Bxc3 Rxc3 20. Bb5 e4 {[%emt 0:01:13][%cal Be5e4,Be4e3,Be3f2][%mdl 32] White must now prevent ...Rc5.} 21. Rc1 e3 22. Rxc3 Bxc3 23. Nc6 (23. Nd3 $11) 23... Qb6 24. Qe2 (24. a4 $142) 24... exf2+ $17 25. Kh1 {[%emt 0:00:01] [#]} Be1 26. a4 {[%emt 0:00:19] [#]} Nb3 $1 27. h3 $2 {[%emt 0:00:39] This costs White the game.} (27. h4 $17 {might work better.}) 27... Qc5 $19 28. Qd1 Qe3 {[%emt 0:00:36] Inhibits Ne7+.} 29. Qd3 Qxd3 30. Bxd3 Ra8 31. a5 Nxa5 ({Inferior is} 31... Bxa5 32. Rxf2 Be1 33. Rb2 $17) 32. Nd4 Re8 33. Kh2 Re5 34. Nf3 Rxd5 (34... Re3 $142 35. Bb5 Nb3) 35. Ba6 (35. Be2 {was forced.}) 35... Rd1 36. g4 Nb3 37. Kg2 Nd2 38. Nxd2 Rxd2 {[%emt 0:00:01][%mdl 4096] Endgame KRB-KRB} 39. Rh1 Rb2 40. Kf1 $2 (40. h4) 40... Bb4 41. Rh2 $2 (41. Kg2) 41... Bc5 {[%emt 0:00:01] Black is clearly winning.} 42. Bd3 Rd2 43. Ba6 Ra2 44. Bc4 Ra1+ 45. Kg2 Rg1+ {[%emt 0:00:02] Weighted Error Value: White=0.60/Black=0.23 (precise)} 0-1

[Event "1st Kallai Gabor Memorial 2022"]
[Site "Budapest"]
[Date "2022.11.28"]
[Round "1.3"]
[White "Berkes, Ferenc"]
[Black "Beliavsky, Alexander G"]
[Result "1/2-1/2"]
[ECO "A46"]
[WhiteElo "2643"]
[BlackElo "2487"]
[Annotator "TA"]
[PlyCount "98"]
[EventDate "2022.11.28"]
[EventCountry "HUN"]
[SourceTitle "playchess.com"]
[Source "ChessBase"]
[SourceQuality "1"]
[TimeControl "1500+5"]

1. d4 Nf6 2. Nf3 d5 3. g3 c5 4. Bg2 cxd4 5. O-O Bg4 6. Ne5 {[%emt 0:00:19][%cal Oe5g4] [#] Strongly threatening Nxg4! D02: 1 d4 d5 2 Nf3 sidelines, including 2...Nf6 3 g3 and 2...Nf6 3 Bf4.} Bh5 $146 ({Predecessor:} 6... Nc6 7. Nxg4 Nxg4 8. c3 e6 9. cxd4 Nf6 10. Nc3 Bb4 11. e3 O-O 12. Bd2 Rc8 13. Qe2 Bxc3 14. Bxc3 Ne4 15. Rfc1 Nxc3 16. Rxc3 {0-1 (62) Yandemirov,V (2475)-Rublevsky,S (2670) Togliatti 2003}) 7. Qxd4 e6 8. Qa4+ (8. e4 $14) 8... Nbd7 $11 9. c4 Bd6 10. Nxd7 Qxd7 11. Qxd7+ Kxd7 12. cxd5 (12. Nc3 {is more complex.} d4 13. Nb5 Bxe2 14. Re1) 12... Nxd5 (12... Bxe2 13. dxe6+ fxe6 14. Re1 $16) 13. e4 Nb4 14. Nc3 Rac8 15. Rb1 Rhd8 16. h3 f6 17. Be3 Bc5 (17... b6 $15) 18. e5 {Bxc5 is the strong threat.} Bxe3 19. fxe3 fxe5 20. Bxb7 Rb8 21. Be4 Ke7 22. Bxh7 Rd2 23. Ne4 Re2 24. Nc3 Rxe3 25. Kf2 Rf3+ 26. Kg2 Rxf1 27. Rxf1 Nd5 28. Rf2 g6 (28... Nxc3 $15 29. bxc3 Rc8) 29. g4 Rh8 (29... Nf4+ $5 30. Rxf4 exf4 31. gxh5 gxh5 $11) 30. gxh5 Rxh7 31. hxg6 {[%emt 0:00:01][%mdl 4096] Endgame KRN-KRN} Rg7 $2 (31... Rh6 $14) 32. Rf7+ Rxf7 {[%emt 0:00:04] [#]} 33. Nxd5+ $1 ({Less strong is} 33. gxf7 Kxf7 34. Kf3 Nf4 $16) 33... exd5 34. gxf7 Kxf7 {[%emt 0:00:10] K3P-K3P} 35. b4 d4 36. b5 $2 (36. Kf3 $18 {Threatening mate with a4.} Kf6 37. Ke4) 36... Ke6 $1 37. a4 (37. Kf2 $5 Kd5 $8 38. h4 $11) 37... Kd5 {[%emt 0:00:15] Threatens to win with ...d3.} 38. a5 {[%emt 0:00:18] And now b6 would win.} Kc4 39. b6 axb6 40. axb6 {[%emt 0:00:07] KPP-KPP} (40. a6 $5 d3 $8 41. Kf2 $11) 40... d3 41. Kf2 {[%emt 0:00:37] White wants to mate with b7.} Kc3 $1 42. b7 d2 43. b8=Q (43. b8=B {gets mated.} d1=Q 44. Kg3 Kd3 45. Kh4 Qg1 46. Bxe5 Ke4 47. Bc7 Kf5 48. Bd8 Qf2+ 49. Kh5 Qg3 50. Be7 Qxh3+ 51. Bh4 Qg4+ 52. Kh6 Qg6#) (43. Ke2 Kc2 44. b8=Q d1=Q+ 45. Kf2 Qd4+ 46. Kf1 Qf4+ 47. Kg2 Qg5+ 48. Kf3 Qf5+ 49. Ke2 Qh5+ 50. Kf2 Qh4+ 51. Kg2 Qh5) 43... d1=Q 44. Qxe5+ {[%emt 0:00:02] KQ-KQ} Qd4+ 45. Qe3+ Kc4 46. Kf3 {[%emt 0:00:03] White threatens Qxd4+ and mate.} Qd1+ {[%emt 0:00:40] [#]} (46... Qxe3+ $11 47. Kxe3 Kd5) 47. Kg3 (47. Kf4 $1 $16) 47... Qd6+ {[%emt 0:00:08] The position is equal.} 48. Kg4 Qd7+ 49. Kf3 Qxh3+ {Black defended with fortune.   Weighted Error Value: White=0.17 (very precise) /Black=0.23 (precise)} 1/2-1/2

[Event "1st Kallai Gabor Memorial 2022"]
[Site "Budapest"]
[Date "2022.11.28"]
[Round "1.4"]
[White "Borhy, Marcell"]
[Black "Gaal, Zsoka"]
[Result "1-0"]
[ECO "A05"]
[WhiteElo "2407"]
[BlackElo "2286"]
[Annotator "TA"]
[PlyCount "91"]
[EventDate "2022.11.28"]
[EventCountry "HUN"]
[SourceTitle "playchess.com"]
[Source "ChessBase"]
[SourceQuality "1"]
[TimeControl "1500+5"]

1. Nf3 Nf6 2. g3 d5 3. Bg2 c5 4. O-O e6 5. c4 d4 6. e3 Nc6 7. exd4 cxd4 8. d3 Be7 {[%emt 0:02:14] A13: English Opening: 1...e6.} 9. Re1 h6 10. Na3 O-O {[%emt 0:01:49] White has an edge.} 11. Bf4 {[%emt 0:01:20] [#]} Qb6 $146 (11... Bc5 $11) ({Predecessor:} 11... Nd7 12. Nb5 Nc5 13. Bc7 Qd7 14. Ne5 Nxe5 15. Bxe5 a6 16. Nc7 Ra7 17. b4 Bd6 18. bxc5 Bxc7 {1-0 (60) Lalith,B (2563)-Nagy,G (2530) Budapest 2022}) 12. Rb1 $14 Bb4 13. Re2 Nh5 14. Bd2 $1 a5 15. Ne5 (15. Nc2 {simplifies} Bxd2 16. Qxd2 Nf6 17. a3) 15... Bd6 $2 {[%emt 0:02:06] [#]} ({Black should play} 15... Nf6 $14) 16. c5 $1 $18 Bxc5 17. Nac4 Qa7 18. Nxc6 bxc6 19. Bxc6 Rb8 20. Bxa5 (20. Nxa5 $6 Bb4 $16) 20... Ba6 21. Ne5 {[%emt 0:02:11] Strongly threatening b4.} Bb5 (21... Bxd3 $2 22. Nxd3 (22. Qxd3 Qxa5 23. Nd7 Nf6 $18) 22... Rfc8 23. Rc2 Rxc6 24. b4 $18) (21... Nf6 $16) 22. Be1 Bd6 23. a4 Bxe5 24. axb5 Bd6 25. Ra1 Qc5 26. Ra4 Qg5 27. Kh1 e5 (27... Nf6 {keeps fighting.} 28. Rxd4 Bc5) 28. Bb4 Rfd8 29. Bxd6 Rxd6 30. Qe1 f6 (30... Re6 $142 31. Bd7 Re7) 31. Ra8 (31. f4 Qg6 32. Be4 Qf7 $18) 31... Rxa8 32. Bxa8 Qg4 33. Rc2 f5 $2 (33... Rb6 34. Rc5 Kh7 35. Be4+ f5) 34. Qe2 $2 (34. Rc8+ Kh7 35. Qxe5) 34... Qg5 $2 (34... Qxe2 35. Rxe2 e4 36. dxe4 fxe4) 35. Qxe5 Rd8 36. Bd5+ Kh7 37. b6 {[%emt 0:00:00] And now b7 would win.} (37. Qxd4 Nf6 $16) 37... Nf6 {[%emt 0:00:01] [#] Against b7} 38. b7 $1 Nxd5 (38... Rxd5 39. b8=Q) 39. b8=Q $2 ({Less strong is} 39. b8=R Rxb8 40. Qxd5 (40. Qxb8 Qh5 $11) 40... f4 41. Qxd4 Rd8 42. gxf4 (42. Qxf4 Qxf4 43. gxf4 Rxd3 $16) 42... Qh5 43. Qe4+ (43. Qxd8 Qf3+ 44. Kg1 Qg4+ 45. Kh1 Qf3+ 46. Kg1 Qg4+ 47. Kh1 Qf3+ $11) 43... Kh8 $16) (39. Rc8 $18 {is the precise move to win.}) 39... Rxb8 $16 40. Qxb8 {[%emt 0:00:01][%mdl 4096] Endgame KQR-KQN} (40. Qxd5 $16 {aiming for b4.} Qf6 41. Kg2) 40... Qg4 $11 41. Kg2 {[%emt 0:00:22] Threatens to win with Qe5.} (41. Rd2 $5 Qf3+ $8 42. Kg1 $11) 41... f4 $2 (41... Qd1 $11 42. Rc6 Qe2) 42. Qe5 $18 {[%emt 0:00:18][%csl LRd4,LRd5] White is clearly winning.} f3+ 43. Kg1 Nf6 {[%emt 0:00:10] ( -> ...Qh3)} 44. Rc5 Nd7 45. Qf5+ Qxf5 46. Rxf5 {[%emt 0:00:01] Weighted Error Value: White=0.59/Black=0.56} 1-0

[Event "1st Kallai Gabor Memorial 2022"]
[Site "Budapest"]
[Date "2022.11.28"]
[Round "1.5"]
[White "Horvath, Csaba"]
[Black "Troff, Kayden"]
[Result "1/2-1/2"]
[ECO "A48"]
[WhiteElo "2502"]
[BlackElo "2483"]
[Annotator "TA"]
[PlyCount "62"]
[EventDate "2022.11.28"]
[EventCountry "HUN"]
[SourceTitle "playchess.com"]
[Source "ChessBase"]
[SourceQuality "1"]
[TimeControl "1500+5"]

1. d4 Nf6 2. Nf3 g6 3. c4 Bg7 4. g3 O-O 5. Bg2 e6 6. O-O d5 7. Nc3 $1 {[%emt 0:00:23] 7.Nc3 is better than 7.Qc2.} dxc4 8. e4 {D77: Fianchetto Grünfeld: 6 0-0: Replies other than 6...c6.} Nbd7 9. Qe2 {[%emt 0:06:04][%mdl 1024] White has compensation.} Nb6 (9... c5 $11 {should be considered.}) 10. Rd1 {[%emt 0:00:15] [#] White is slightly better.} Bd7 $146 ({Predecessor:} 10... Re8 11. h3 Bd7 12. Ne5 Bc6 13. Bg5 h6 14. Bxf6 Qxf6 15. Nxc6 bxc6 16. e5 Qf5 17. Bxc6 Qxh3 {1-0 (41) Toll,A (2091)-Loberg,J (1923) Gibraltar 2009}) 11. Ne5 Qe8 12. Be3 {White has more active pieces. The black rooks are badly placed.} Na4 13. Nxa4 Bxa4 14. Rdc1 c5 15. dxc5 c3 16. bxc3 (16. b3 {with more complications.} Bb5 17. Qc2 Nd7 18. Nxd7 Qxd7 19. Rd1) 16... Nd7 17. Nc4 Bb5 18. a4 Ba6 {[%emt 0:00:03] [#] And now ...Ne5 would win.} 19. Qa2 Qe7 20. Nd6 b6 21. Bf1 ({White should try} 21. Rd1 $1 $14) 21... Nxc5 {[%emt 0:01:34] The position is equal.} 22. Bxc5 bxc5 23. Bxa6 {[%emt 0:00:19] [#] Hoping for Nc4.} Qxd6 24. Bc4 Rfd8 25. Rab1 Rab8 26. Rxb8 Rxb8 27. Qc2 Rd8 28. Be2 Qd2 29. Kf1 Bh6 (29... Qh6 $5 30. h4 Rd2 $15) 30. Qxd2 Rxd2 31. Rd1 Rxd1+ {[%emt 0:00:16] Weighted Error Value: White=0.08 (flawless) /Black=0.08 (flawless)} 1/2-1/2

[Event "1st Kallai Gabor Memorial 2022"]
[Site "Budapest"]
[Date "2022.11.28"]
[Round "2.1"]
[White "Motylev, Alexander"]
[Black "Troff, Kayden"]
[Result "1-0"]
[ECO "B27"]
[WhiteElo "2628"]
[BlackElo "2483"]
[Annotator "TA"]
[PlyCount "63"]
[EventDate "2022.11.28"]
[EventCountry "HUN"]
[SourceTitle "playchess.com"]
[Source "ChessBase"]
[SourceQuality "1"]
[TimeControl "1500+5"]

1. e4 c5 2. Nf3 g6 3. c3 Nf6 4. e5 Nd5 5. d4 cxd4 6. Qxd4 {[%emt 0:00:05] B27: Sicilian: 2 Nf3, unusual Black 2nd moves.} Nc7 7. Qh4 {[%emt 0:00:34] [#]} Ne6 $146 ({Predecessor:} 7... Nc6 8. Na3 Ne6 9. Bh6 Bxh6 10. Qxh6 Qa5 11. Nc4 Qc7 12. O-O-O b5 13. Ne3 a6 {½-½ (41) Grischuk,A (2792)-Iturrizaga Bonelli,E (2653) Dubai 2014}) 8. Bd3 {[%emt 0:00:24] White is much more active. White is slightly better.} Nc6 9. O-O Bg7 10. Re1 Qc7 11. Qg3 O-O 12. Na3 a6 13. Nc2 b5 14. h4 Bb7 15. h5 Rad8 16. Ncd4 (16. a4 {simplifies} bxa4 17. Bf1 d6 18. exd6 Qxd6 19. hxg6 hxg6 20. Qxd6 Rxd6 21. Be3) 16... Ncxd4 (16... Nexd4 $1 $11 {deserves consideration.} 17. cxd4 Nb4) 17. Nxd4 $14 Nxd4 (17... Rfe8 $14) 18. cxd4 $16 d6 19. e6 $1 {[%emt 0:02:16] exf7+ is the strong threat.} Bxd4 (19... Bd5 $16) 20. Be3 $18 Be5 (20... Bxb2 21. Rac1 Bxc1 22. Rxc1 $18) 21. f4 Bxb2 {[%emt 0:01:04] [#]} 22. Rac1 Qa5 (22... Bxc1 23. Rxc1 Qb8 24. hxg6 $18) 23. hxg6 $1 fxg6 {[%emt 0:01:54] [#]} (23... fxe6 $2 24. Qh3 $1 (24. gxh7+ Kh8 $17) 24... hxg6 25. Bxg6 $18 (25. Qxe6+ Rf7 $18)) 24. Bxg6 $1 {[%emt 0:00:16][%mdl 576] Intending Bb1+ and mate.} Bg7 (24... hxg6 25. Qxg6+ Bg7 26. Bd4 Rf6 27. Bxf6 Qb6+ 28. Kh2 exf6 29. Rc3) (24... Bxc1 $2 25. Bf7+ Kh8 26. Bd4#) 25. Bf7+ (25. Bc2 $18 {has better winning chances. Strongly threatening Bd4.} Qb4 26. a3) 25... Rxf7 $2 {[%emt 0:01:54] This move loses the game for Black.} (25... Kh8 $16 {keeps fighting.}) 26. exf7+ Kxf7 27. Qh3 Rg8 28. Qf5+ $40 {[%emt 0:02:19][%mdl 128] White goes for the king.} ({Not} 28. Qxh7 Kf8 $14) (28. Bf2 Bf6 29. Qxh7+ Rg7 30. Qh5+ Kg8 31. Qe8+ Kh7 $11) 28... Bf6 $2 {[%emt 0:01:57] [#]} (28... Ke8 29. Re2 (29. Qxh7 Qxa2 30. Qg6+ Kf8 $17) 29... Bf6 30. Qh5+ Kf8) 29. Bd4 $1 {[%emt 0:00:02] White is clearly winning.} ({Inferior is} 29. Qxh7+ Kf8 30. Qh6+ Ke8 31. Qh5+ Kf8 32. Qh6+ Ke8 33. Qh5+ Kf8 34. Qh6+ $11) 29... Rxg2+ 30. Kf1 Rg6 31. Bxf6 (31. Qe6+ $142 Ke8 32. Bxf6) 31... Bg2+ 32. Kf2 {[%emt 0:00:01] Weighted Error Value: White=0.23 (precise) /Black=0.32} 1-0

[Event "1st Kallai Gabor Memorial 2022"]
[Site "Budapest"]
[Date "2022.11.28"]
[Round "2.2"]
[White "Gaal, Zsoka"]
[Black "Horvath, Csaba"]
[Result "1-0"]
[ECO "A04"]
[WhiteElo "2286"]
[BlackElo "2502"]
[Annotator "TA"]
[PlyCount "73"]
[EventDate "2022.11.28"]
[EventCountry "HUN"]
[SourceTitle "playchess.com"]
[Source "ChessBase"]
[SourceQuality "1"]
[TimeControl "1500+5"]

1. Nf3 g6 2. d4 Bg7 3. c4 Nf6 4. g3 O-O 5. Bg2 d6 6. Nc3 c6 7. O-O a6 {Recently 7...Bf5 got a lot of attention.} 8. b3 b5 {[%emt 0:00:17] E62: King's Indian: Fianchetto: 6...c6 and Panno Variation (6...Nc6) without ...a6.} 9. Bb2 Bb7 10. Nd2 Qb6 {The position is equal.} 11. e3 Nbd7 12. a4 {[%emt 0:02:21] [#]} b4 $146 ({Predecessor:} 12... Rfe8 13. Qc2 Rac8 14. Qd3 b4 15. Ne2 e5 16. c5 dxc5 17. Nc4 e4 18. Bxe4 Qc7 {0-1 (32) Grycel,K (2282)-Movsesian,S (2635) Warsaw 2005}) 13. a5 Qc7 14. Ne2 e5 15. Qc2 Rfe8 16. c5 $1 dxc5 17. dxc5 Bf8 18. Nc4 Bxc5 19. Nc1 Bf8 20. Nd3 e4 {[%emt 0:00:06] Inhibits f4.} 21. Nf4 c5 22. Rad1 Bc6 (22... Rad8 {looks sharper.} 23. h4 Ng4 24. Nd5 Bxd5 25. Rxd5 Ndf6) 23. Bh3 {[%mdl 1024] White has compensation.} Rad8 24. Rd2 h5 (24... g5 $11) 25. Rfd1 $16 Nh7 26. Ba1 {[%emt 0:00:18] White is much more active.} (26. Nd6 $16 Ne5 27. Nxe8 Rxe8 28. Bxe5 Rxe5 29. Bd7) 26... Ndf6 $1 $11 27. Nb6 (27. Bf1 {simplifies} Rxd2 28. Qxd2 g5 29. Nh3) 27... Bb7 $2 (27... Rxd2 $11 28. Qxd2 Qb7) 28. Qb2 $2 (28. Nxg6 $18 Rxd2 29. Rxd2) 28... Bg7 (28... Rxd2 $142 29. Rxd2 Bg7) 29. Nbd5 (29. Bd7 $16 Rf8 30. h4) 29... Qb8 $2 {[%emt 0:00:35][%mdl 8192] [#]} (29... Bxd5 $1 $11 {and Black stays safe.} 30. Nxd5 Qxa5) 30. Ne7+ $1 $18 Kf8 {[%emt 0:00:06] [#]} 31. Nfxg6+ fxg6 $11 32. Nxg6+ $40 {[%emt 0:00:02][%mdl 128] White mounts an attack.} Kf7 33. Bf5 (33. Ne5+ $11 Qxe5 34. Rxd8 (34. Qxe5 Rxd2 $17) 34... Qxb2 35. Bxb2) 33... Ng5 $2 {[%emt 0:00:25][%mdl 8192] [#]} (33... Rxd2 $15 34. Qxd2 Bc8 35. Ne5+ Kg8) 34. Rd7+ $1 {[%emt 0:00:02][%mdl 576] Skewer. White mates.} Rxd7 35. Rxd7+ {[%mdl 64] Pin} Kg8 {[%emt 0:00:32] [#]} 36. Rxg7+ $1 {[%emt 0:00:02][%mdl 576] Remove Defender, Decoy} Kxg7 37. Qxf6+ {[%emt 0:00:02] Weighted Error Value: White=0.52/Black=0.65} 1-0

[Event "1st Kallai Gabor Memorial 2022"]
[Site "Budapest"]
[Date "2022.11.28"]
[Round "2.3"]
[White "Beliavsky, Alexander G"]
[Black "Borhy, Marcell"]
[Result "1-0"]
[ECO "D37"]
[WhiteElo "2487"]
[BlackElo "2407"]
[Annotator "TA"]
[PlyCount "109"]
[EventDate "2022.11.28"]
[EventCountry "HUN"]
[SourceTitle "playchess.com"]
[Source "ChessBase"]
[SourceQuality "1"]
[TimeControl "1500+5"]

1. d4 d5 2. c4 e6 3. Nf3 Nf6 4. Nc3 dxc4 5. e4 Bb4 6. Bg5 h6 7. Bxf6 Qxf6 8. Bxc4 c5 {[%emt 0:00:03] 8...c5 is better than 8...0-0.} 9. e5 {[%emt 0:00:08] D39: Queen's Gambit Declined: Ragozin Defence with 5 Bg5 dxc4.} (9. O-O $5 ) 9... Qd8 10. O-O cxd4 11. Ne4 {[%emt 0:00:03][%cal Od1b3,Bc3e4,Be4g3,Bg3h5][%mdl 32] The position is equal.} O-O 12. Qe2 {[%emt 0:00:03][%mdl 1024] White has compensation.} Be7 13. Rfd1 Qc7 14. Rac1 (14. Nxd4 Qxe5 15. Rd2 a6 $15) (14. Rxd4 Nc6 15. Rd2 Nxe5 16. Nxe5 Qxe5 $15) 14... Bd7 15. Ng3 (15. Nxd4 Qxe5 16. Nf3 Qa5 $15) 15... Bc6 16. Nxd4 {[%emt 0:00:37] Nh5 is the strong threat.} Rd8 {[%emt 0:00:58] [#]} 17. Nh5 $146 ({Predecessor:} 17. Bxe6 Bg5 18. Bb3 Rxd4 19. Rxd4 Bxc1 20. e6 Na6 21. exf7+ Kh8 22. Qd3 Rf8 23. Qg6 {1-0 (23) Livaic,L (2507)-Borhy,M (2406) Budapest 2021}) 17... Nd7 $1 18. Qg4 (18. Nxc6 bxc6 19. Re1 g6 $11) 18... Qxe5 19. f4 $40 {[%emt 0:02:43][%mdl 128] White is up to no good.} Qe3+ 20. Kh1 (20. Kf1 $5 Bf6 21. Rc3 $14) 20... Bf8 {[%emt 0:05:35][%mdl 8192] [#]} (20... Bf6 $1 $11 {and Black is okay.} 21. Rc3 Qxd4 22. Rxd4 Bxd4) 21. Rc3 $2 (21. Nxe6 $1 $18 Ne5 22. Nf6+ Kh8 23. Nxd8 (23. fxe5 Rxd1+ 24. Rxd1 gxf6 $11) 23... Rxd8 24. fxe5 Rxd1+ 25. Rxd1 gxf6 26. Bxf7) 21... Qe4 $1 $11 {Threatens to win with ...Ne5.} 22. Rg3 (22. Nxc6 $11 Qxc6 23. Be2) 22... Qh7 $2 (22... g6 $6 23. Bd3 Ne5 24. Nf6+ (24. fxe5 Qxd4 25. Nf6+ Kh8 $17) 24... Kh8 25. Nxe4 $11) (22... Kh8 $1 $17 {[%cal Od7e5] stays on course. Hoping for ...Ne5!} 23. h3 Rac8) 23. Bd3 $2 (23. Bxe6 fxe6 24. Nxe6 (24. Qxe6+ $2 Kh8 $19) 24... Kh8 $1 25. Nxd8 Rxd8 $15) ({White must play} 23. Nxc6 $1 $18 bxc6 24. Rgd3 (24. Bxe6 fxe6 25. Rgd3 Kh8 $15)) 23... Be4 $14 (23... g6 $2 24. Nxc6 bxc6 25. Bxg6 $1 Qxg6 26. Qh4 $18) 24. Nxe6 (24. Re3 $1 $14 Qg6 25. Qxg6 Bxg6 26. Bxg6 fxg6 27. Nxe6) 24... Bxd3 $2 {[%emt 0:00:09][%mdl 8192] White stays focused until the end.} (24... fxe6 $11 25. Qxe6+ Kh8 26. Qxe4 (26. Bxe4 $2 Nc5 $19) 26... Qxe4 27. Bxe4 Nc5 28. Rxd8 Rxd8) 25. Rgxd3 fxe6 26. Rxd7 {[%emt 0:00:25][%mdl 64] Remove Defender} (26. Qxe6+ Kh8 27. Rxd7 Rxd7 28. Qxd7 Qg6 $14) 26... Rxd7 27. Nf6+ Kh8 28. Nxh7 Rxd1+ 29. Qxd1 Kxh7 $18 {[%emt 0:00:03][%mdl 4096] Endgame KQ-KRB} 30. Qd7 {[%emt 0:00:12][%csl LRb7,LRe6] Prevents Rc8.} b6 31. g3 ({Less strong is} 31. Qxe6 Rd8 32. Qe2 Kh8 $18) 31... Bc5 32. Kg2 a5 33. Kf3 ({Weaker is} 33. Qxe6 Rd8 34. Qe2 Rd6 $18) 33... Rf8 34. Qxe6 Rd8 35. Qe4+ Kh8 (35... Kg8 $142 36. a3 Rd4) 36. a3 Rd4 (36... Rf8 $142 37. b4 axb4 38. axb4 Bd6) 37. Qe2 Kg8 38. Qe8+ Kh7 39. h4 Rd3+ 40. Kg4 {[%emt 0:00:08] Black must now prevent Qe4+.} Re3 {[%emt 0:00:06] Prevents Qe4+.} 41. Qf7 Re7 42. Qd5 Bf2 43. Qd3+ Kg8 {[%emt 0:00:04] [#]} 44. Qd2 $1 Be3 45. Qd5+ Kf8 46. b4 axb4 47. axb4 Bf2 48. Qd2 Be3 49. Qd8+ Kf7 50. h5 Bf2 51. Qd2 Be3 52. Qd5+ Kf8 53. Kf5 Bf2 54. Kg6 {[%emt 0:00:26] Threatening mate with Qf5+.} Bxg3 55. Qf5+ {[%emt 0:00:05] Weighted Error Value: White=0.56/Black=0.82} 1-0